 Dungeon Crawl Stone Soup version 0.21-a0-111-g52d2817 (webtiles) character file.

42 Dfrag the Firebug (level 3, 0/24 HPs)
             Began as a Demonspawn Fire Elementalist on July 11, 2017.
             Slain by a jackal (1 damage)
             ... on level 2 of the Dungeon.
             The game lasted 00:02:24 (1247 turns).

Dfrag the Firebug (Demonspawn Fire Elementalist)    Turns: 1247, Time: 00:02:25

Health: 0/24       AC:  2    Str:  8    XL:     3   Next: 33%
Magic:  3/6        EV: 12    Int: 17    God:
Gold:   184        SH:  0    Dex: 13    Spells: 5/6 levels left

rFire    . . .     SeeInvis .   n - +2 mace (venom)
rCold    . . .     Gourm    .   (no shield)
rNeg     . . .     Faith    .   a - +0 robe
rPois    .         Spirit   .   d - +0 hat
rElec    .         Reflect  .   (no cloak)
rCorr    .         Harm     .   (no gloves)
MR       .....                  (no boots)
Stlth    ++........             (no amulet)
HPRegen  0.08/turn              (no ring)
MPRegen  0.10/turn              (no ring)

@: lethally poisoned (0 -> -3), very slightly contaminated
A: horns 1
a: no special abilities


You were on level 2 of the Dungeon.
You were hungry.

You visited 1 branch of the dungeon, and saw 2 of its levels.

You collected 184 gold pieces.

Inventory:

Hand Weapons
 l - a +0 hand axe
 n - a +2 mace of venom (weapon)
Armour
 a - a +0 robe (worn)
 d - a +0 hat (worn)
Scrolls
 g - 2 scrolls of identify {unknown}
 i - a scroll of enchant armour {unknown}
 m - a scroll of random uselessness {unknown}
 o - a scroll of magic mapping {unknown}
Potions
 e - a potion of lignification {unknown}
 j - a potion of heal wounds {unknown}
Books
 b - a book of Flames

   Spells                             Type                      Level
   a - Flame Tongue                   Conjuration/Fire             1
   b - Throw Flame                    Conjuration/Fire             2
   c - Conjure Flame                  Conjuration/Fire             3
   d - Inner Flame                    Hexes/Fire                   3
   e - Sticky Flame                   Conjuration/Fire             4
   f - Fireball                       Conjuration/Fire             5
Comestibles
 c - a bread ration
 f - a meat ration
 h - a royal jelly
 k - a chunk of flesh


   Skills:
 + Level 1.9 Dodging
 + Level 1.8 Stealth
 + Level 2.3 Spellcasting
 + Level 1.1 Conjurations
 + Level 3.6 Fire Magic


You had 5 spell levels left.
You knew the following spells:

 Your Spells              Type           Power        Failure   Level  Hunger
a - Flame Tongue          Conj/Fire      ##...        7%          1    #......


Dungeon Overview and Level Annotations

Branches:
Dungeon (2/15)

Altars:
Xom


Innate Abilities, Weirdness & Mutations

You have a pair of small horns on your head.


Message History

Confirm with . or Enter, or press ? or * to list all spells.
Aiming: Flame Tongue
Press: ? - help, Shift-Dir - straight line, f/p - adder
Aim: an adder The flame tongue hits the adder.
The adder is severely wounded.
The jackal bites you. The jackal closely misses you. The adder bites you.
* * * LOW HITPOINT WARNING * * *
The jackal bites you.
* * * LOW HITPOINT WARNING * * *
Unknown command.
Casting: Flame Tongue
Confirm with . or Enter, or press ? or * to list all spells.
Aiming: Flame Tongue
Press: ? - help, Shift-Dir - straight line, f/p - adder
Aim: an adder (severely wounded)
The flame tongue misses the adder.
The jackal bites you.
* * * LOW HITPOINT WARNING * * *
The adder closely misses you. The jackal bites you.
You die...

.... >...... #
....... #.
.....#.### #..
#...# ...
#..####...##.#
#...S........#
#.##@.......#
#..hh.......#
####........#
###...#..######
#............
#####.######.
#.# #.## #.#
#... #.# #..#


You could see an adder and 2 jackals.

Vanquished Creatures
  A gnoll (D:1)
  An ooze (D:1)
  6 bats
  4 giant cockroaches
  3 goblins
  3 hobgoblins (D:1)
  2 jackals (D:2)
  2 frilled lizards (D:1)
  A kobold (D:1)
  2 rats (D:1)
25 creatures vanquished.

Notes
Turn   | Place    | Note
-------+----------+-------------------------------------------
     0 | D:1      | Dfrag the Demonspawn Fire Elementalist began the quest for the Orb.
     0 | D:1      | Reached XP level 1. HP: 13/13 MP: 3/3
   121 | D:1      | Reached skill level 3 in Fire Magic
   121 | D:1      | Gained mutation: You have a pair of small horns on your head. [demonic ancestry]
   121 | D:1      | Reached XP level 2. HP: 19/19 MP: 1/5
   877 | D:1      | Reached XP level 3. HP: 24/24 MP: 3/6
   921 | D:1      | Found a radiant altar of Vehumet.
   923 | D:1      | Found a shimmering altar of Xom.
   923 | D:1      | Found a bloodstained altar of Trog.
   928 | D:1      | Found a stormy altar of Qazlal.
   928 | D:1      | Found an ancient bone altar of Kikubaaqudgha.
   928 | D:1      | Found a shimmering altar of Xom.
  1247 | D:2      | HP: 1/24 [jackal (3)]
  1247 | D:2      | Slain by a jackal

Vault maps used:
D:1:      minmay_arrival_solitary_statue, roderic_nine_men_s_morris,
          minmay_misc_feat_rows, doesnt_xom_only_xom
D:2:      tso_altar, chequers_ecumenical_altar_simple_redux

Skill      XL: |  1 |
---------------+----+-----
Fire Magic     | 3 |  3.6
Dodging        | |  1.9
Stealth        | |  1.8
Spellcasting   | |  2.3
Conjurations   | |  1.1

Action                   || total
-------------------------++-------
Melee: Unarmed           ||    27
       Headbutt          ||     4
       Mace              ||    10
 Cast: Flame Tongue      ||    43
 Stab: Sleeping          ||     1
  Eat: Chunk             ||     1
Armor: Robe              ||    17
Dodge: Dodged            ||    45
